 Dungeon Sprint DCSS version 0.28-a0-1613-gdaab1c2f9b (webtiles) character file.

Game seed: 6222758208893863166

4097 jt the Grappler (level 10, -2/111 HPs)
             Began as a Troll Warper on Jan 21, 2022.
             Was a High Priest of Lugonu.
             Succumbed to a scorpion's poison
             ... in the Dungeon (Sprint IV: "Fedhas' Mad Dash").
             The game lasted 00:05:43 (1004 turns).

jt the Grappler (Troll Warper)                      Turns: 1004, Time: 00:05:43

Health: -2/111     AC: 14    Str: 23    XL:     10   Next: 5%
Magic:  9/16       EV:  8    Int:  9    God:    Lugonu [*****.]
Gold:   111        SH:  0    Dex: 11    Spells: 11/11 levels left

rFire   . . .      SeeInvis .     - Unarmed
rCold   . . .      Faith    .   (no shield)
rNeg    + . .      Spirit   .   k - +0 pearl dragon scales
rPois   .          Reflect  .   (helmet restricted)
rElec   .          Harm     .   (no cloak)
rCorr   .          Rampage  .   (gloves unavailable)
Will    .....      NoTele   +   (boots unavailable)
Stlth   +.........              i - amulet of invisibility {+Inv}
HPRegen 1.08/turn               (no ring)
MPRegen 0.15/turn               (no ring)

@: lethally poisoned (-2 -> -8), slowed, very slow
A: large, unfitting armour, claws 3, regeneration 1, shaggy fur 1, tough skin 1
a: Renounce Religion, Evoke Invisibility, Bend Space, Banish, Corrupt


You were in the Dungeon.
You worshipped Lugonu.
Lugonu was extremely pleased with you.
You visited 1 branch You collected 211 gold pieces.
You spent 100 gold pieces at shops.

Inventory:

Hand Weapons
 a - a +0 falchion
 l - a +1 flail of venom
Missiles
 c - 3 boomerangs of dispersal (quivered)
 e - 22 stones
Armour
 k - +0 pearl dragon scales (worn)
Jewellery
 i - the amulet of invisibility (around neck) {+Inv}
   (You found it in the Dungeon)

   [amulet of nothing]

   +Inv:      It lets you turn invisible.
Scrolls
 b - 2 scrolls of blinking
 j - a scroll of fear {unknown}
Potions
 d - 2 potions of curing
 f - a potion of heal wounds
 g - 2 potions of magic
 h - a potion of might {unknown}


   Skills:
 + Level 10.8 Fighting
 - Level 0.8 Throwing
 + Level 5.7 Armour
 - Level 1.9 Dodging
 - Level 5.7 Stealth
 + Level 12.8 Unarmed Combat
 - Level 1.2 Spellcasting
 - Level 2.1 Translocations
 + Level 10.0 Invocations


You had 11 spell levels left.
You didn't know any spells.
Your spell library contained the following spells:

 Spells                   Type           Power      Damage    Failure   Level
 Blink                    Tloc           8%         N/A       52%         2
 Gell's Gravitas          Tloc           4%         N/A       77%         3
 Lesser Beckoning         Tloc           4%         N/A       77%         3
 Teleport Other           Tloc           4%         N/A       77%         3
 Portal Projectile        Hex/Tloc       4%         N/A       89%         3
 Call Canine Familiar     Summ           0%         N/A       97%         3
 Leda's Liquefaction      Hex/Erth       0%         N/A       100%        4
 Lee's Rapid Deconstruct  Erth           0%         3d5*      100%        5
 Manifold Assault         Tloc           4%         N/A       100%        5
 Statue Form              Tmut/Erth      0%         N/A       100%        6


Dungeon Overview and Level Annotations

Branches:
Dungeon (1/1)

Altars:
Cheibriados
Dithmenos
Elyvilon
Gozag
Hepliaklqana
Kikubaaqudgha
Makhleb
Nemelex Xobeh
Okawaru
Qazlal
Ru
Sif Muna
Trog
Uskayaw
Vehumet
Wu Jian
Xom
Yredelemnul
Zin
The Shining One
Beogh
Jiyva
Lugonu

Shops:
D :=*!

Annotations:
D exclusion: oklob plant


Innate Abilities, Weirdness & Mutations

You are too large for most types of armour.
You have claws for hands.
Your natural rate of healing is unusually fast.
You are covered in fur. (AC +1)
You have tough skin. (AC +1)


Message History

* * * LOW HITPOINT WARNING * * *
You are more poisoned.
You feel as though you will be slow longer.
The hornet closely misses you.
You feel extremely sick. The hornet stings you.
* * * LOW HITPOINT WARNING * * *
You feel as though you will be slow longer.
The hornet closely misses you.
There is an ancient bone altar of Kikubaaqudgha here.
You feel very sick.
The hornet stings you but does no damage.
The hornet barely misses you.
The hornet stings you but does no damage.
You feel very sick. The hornet stings you.
* * * LOW HITPOINT WARNING * * *
You feel as though you will be slow longer.
The hornet barely misses you.
There is a corrupted altar of Lugonu here.
You feel much better.
You feel very sick. The hornet stings you.
* * * LOW HITPOINT WARNING * * *
You feel as though you will be slow longer.
The hornet stings you!
* * * LOW HITPOINT WARNING * * *
You feel as though you will be slow longer.
The hornet barely misses you. The hornet stings you!
* * * LOW HITPOINT WARNING * * *
You feel as though you will be slow longer.
Unknown command.
Press < or > to pray at altars.
Space bends violently around you!
The hornet blinks! x2; You blink.
You feel sick. The scorpion stings you!
* * * LOW HITPOINT WARNING * * *
You are lethally poisoned!
The scorpion poisons you! The hornet closely misses you.
Space bends around you!
You blink.
You die...

#################################
.....#y....#.⌠._._.y§s.⌠y#..'...#
.[...'.#[.)'.._._._._§§..)..#...#
.....#.#...#[.._._.y._...#..###'#
#########'##.._._._._._..#..##∩∩.
.......'...#._._@_._._.⌠.########
.♣.....#...###################...
♣..♣..######♣♣♣♣♣..♣)###.y.yy....
#'######..'......♣.y♣##..#..#.P..
..'y......#♣..♣♣♣.♣)y###.##+##5P.
###s......#.♣♣..♣...♣'y.y# #### #
########################


You could see 2 hornets and a scorpion (summoned).

Vanquished Creatures
  A spriggan druid (D)
  An oklob plant (D)
  3 burning bushes (D)
  3 wandering mushrooms (D)
  3 scorpions (D)
  4 killer bees (D)
  5 oklob saplings (D)
  2 spriggans (D)
  A river rat (D)
  A rat (D)
24 creatures vanquished.

Vanquished Creatures (others)
  A ballistomycete spore (D)
  A fungus (D)
2 creatures vanquished.

Grand Total: 26 creatures vanquished

Notes
Turn   | Place    | Note
-------+----------+-------------------------------------------
     0 | D        | jt the Troll Warper began the quest for the Orb.
     0 | D        | Reached XP level 1. HP: 19/19 MP: 1/1
    17 | D        | Reached XP level 2. HP: 23/27 MP: 2/2
    26 | D        | Noticed an oklob sapling
    29 | D        | Killed an oklob sapling
    30 | D        | Reached XP level 3. HP: 33/33 MP: 3/3
    31 | D        | Noticed a scorpion
    31 | D        | Found the amulet of invisibility {+Inv}
    35 | D        | Killed a scorpion
    36 | D        | Reached skill level 4 in Unarmed Combat
    36 | D        | Reached XP level 4. HP: 33/45 MP: 4/4
    73 | D        | Found an opulent altar of Gozag.
    73 | D        | Found a hazy altar of Hepliaklqana.
    73 | D        | Found a snail-covered altar of Cheibriados.
    74 | D        | Found a viscous altar of Jiyva.
    74 | D        | Found a burning altar of Makhleb.
    74 | D        | Found a sparkling altar of Nemelex Xobeh.
    74 | D        | Found a sacrificial altar of Ru.
    74 | D        | Found a shimmering blue altar of Sif Muna.
    74 | D        | Found a bloodstained altar of Trog.
    74 | D        | Found an ornate altar of the Wu Jian Council.
    74 | D        | Found a shimmering altar of Xom.
    74 | D        | Found a basalt altar of Yredelemnul.
    75 | D        | Found a shadowy altar of Dithmenos.
    75 | D        | Found an iron altar of Okawaru.
    75 | D        | Found a glowing silver altar of Zin.
    76 | D        | Found an ancient bone altar of Kikubaaqudgha.
    76 | D        | Found a hide-covered altar of Uskayaw.
    77 | D        | Found a stormy altar of Qazlal.
    77 | D        | Found a white marble altar of Elyvilon.
    77 | D        | Found a glowing golden altar of the Shining One.
    78 | D        | Found a corrupted altar of Lugonu.
    78 | D        | Found a radiant altar of Vehumet.
    91 | D        | Reached skill level 5 in Unarmed Combat
    91 | D        | Reached XP level 5. HP: 34/54 MP: 3/5
   144 | D        | Became a worshipper of Lugonu the Unformed
   144 | D        | Reached * piety under Lugonu
   157 | D        | Reached skill level 5 in Stealth
   203 | D        | Noticed a queen bee
   212 | D        | Reached ** piety under Lugonu
   213 | D        | Reached skill level 5 in Fighting
   213 | D        | Reached skill level 6 in Unarmed Combat
   219 | D        | Reached XP level 6. HP: 24/66 MP: 6/6
   328 | D        | Reached skill level 1 in Armour
   328 | D        | Reached skill level 7 in Unarmed Combat
   328 | D        | Reached skill level 1 in Invocations
   378 | D        | Reached *** piety under Lugonu
   403 | D        | Found Vemonwi's Jewellery Shop.
   403 | D        | Found Gejauf's Book Emporium.
   410 | D        | Noticed a burning bush
   410 | D        | Noticed a wandering mushroom
   411 | D        | Noticed a wandering mushroom
   427 | D        | Killed a wandering mushroom
   428 | D        | Reached skill level 8 in Unarmed Combat
   428 | D        | Reached XP level 7. HP: 73/76 MP: 6/8
   434 | D        | Killed a burning bush
   442 | D        | Found Guus's General Store.
   443 | D        | Found Pazuiju's Distillery.
   446 | D        | Identified the +1 scale mail of the Thistle {rPois Str+3}
   450 | D        | Bought 2 potions of heal wounds for 100 gold pieces
   457 | D        | Killed a wandering mushroom
   457 | D        | Reached **** piety under Lugonu
   458 | D        | Reached skill level 9 in Unarmed Combat
   458 | D        | Reached skill level 5 in Invocations
   491 | D        | Reached XP level 8. HP: 87/87 MP: 9/11
   495 | D        | Banished a queen bee
   555 | D        | Noticed an oklob plant
   557 | D        | Banished an oklob plant
   558 | D        | Reached skill level 10 in Unarmed Combat
   600 | D        | Noticed a burning bush
   609 | D        | Killed a burning bush
   634 | D        | Noticed a burning bush
   634 | D        | Noticed an oklob plant
   635 | D        | Noticed a wandering mushroom
   651 | D        | Banished an oklob plant
   652 | D        | Reached skill level 11 in Unarmed Combat
   652 | D        | Reached XP level 9. HP: 82/100 MP: 4/14
   656 | D        | Killed a burning bush
   656 | D        | Reached ***** piety under Lugonu
   664 | D        | Reached skill level 10 in Fighting
   741 | D        | Noticed a spriggan druid
   749 | D        | Killed a spriggan druid
   750 | D        | Reached skill level 12 in Unarmed Combat
   769 | D        | Noticed an oklob plant conjurer
   770 | D        | Killed an oklob plant conjurer
   771 | D        | Reached skill level 5 in Armour
   789 | D        | Noticed an oklob plant
   789 | D        | Noticed an oklob plant summoner
   790 | D        | Banished an oklob plant
   791 | D        | Noticed an oklob plant shifter
   950 | D        | Banished an oklob plant shifter
   951 | D        | Reached skill level 10 in Invocations
   951 | D        | Reached XP level 10. HP: 111/111 MP: 11/16
   982 | D        | Paralysed by a hornet for 2 turns
   997 | D        | Paralysed by a hornet for 1 turns
  1003 | D        | HP: 3/111 [scorpion[an oklob plant summoner] (7)]
  1004 | D        | Succumbed to a scorpion's poison

Illustrated notes

Levels and vault maps discovered:
D:        dungeon_sprint_fedhas [sprint_temple]

Skill      XL: |  1  2  3  4  5  6  7  8  9 |
---------------+----------------------------+-----
Stealth        | 2 3 4 5 |  5.7
Fighting       | 3 4 5 6 7 9 10 | 10.8
Unarmed Combat | 4 5 6 8 9 11 12 | 12.8
Armour         | 3 4 5 |  5.7
Invocations    | 3 5 8 10 | 10.0
Throwing       | |  0.8
Dodging        | |  1.9
Spellcasting   | |  1.2
Translocations | |  2.1

Action                   |  1- 3 |  4- 6 |  7- 9 | 10-12 || total
-------------------------+-------+-------+-------+-------++-------
Melee: Unarmed           |    17 |    51 |    51 |       ||   119
       Punch             |       |     4 |     1 |       ||     5
Throw: Boomerang         |       |     2 |       |       ||     2
Invok: Banish            |       |       |     6 |     2 ||     8
       Bend Space        |       |       |       |     3 ||     3
 Abil: Evoke Invisibilit |       |     3 |     1 |       ||     4
  Use: Potion            |       |     3 |       |     1 ||     4
 Stab: Sleeping          |     1 |     2 |     1 |       ||     4
       Invisible         |       |     1 |       |       ||     1
Armor: Robe              |     2 |       |       |       ||     2
       Pearl dragon scal |       |    21 |    36 |     9 ||    66
Dodge: Dodged            |     4 |    10 |    20 |    11 ||    45

Table legend: (Time is in decaauts)
 A = Elapsed time spent in this place.
 B = Non-inter-level travel time spent in this place.
 C = Inter-level travel time spent in this place.
 D = Time resting spent in this place.
 E = Time spent auto-exploring this place.
 F = Levels seen in this place.
 G = Mean time per level.
                   A        B        C        D        E       F      G
               +--------+--------+--------+--------+--------+-----+--------+
         Total |    995 |    933 |     62 |    340 |      0 |   1 |  995.0 |
       Dungeon |    995 |    933 |     62 |    340 |      0 |   1 |  995.0 |
               +--------+--------+--------+--------+--------+-----+--------+

Top non-repeatable levels by time:
       D: 995 daAuts
